 Dungeon Crawl Stone Soup version 0.28-b1-25-g9875b3fc8c (webtiles) character file.

Game seed: 9839698478394705967

104 growler the Gusty (level 4, -6/24 HPs)
             Began as a Tengu Air Elementalist on Feb 2, 2022.
             Shot with a bolt by a kobold brigand (12 damage)
             ... on level 3 of the Dungeon.
             The game lasted 00:07:57 (3501 turns).

growler the Gusty (Tengu Air Elementalist)          Turns: 3501, Time: 00:07:57

Health: -6/24      AC:  5    Str:  9    XL:     4   Next: 80%
Magic:  6/9        EV: 12    Int: 17    God:
Gold:   117        SH:  0    Dex: 14    Spells: 3/9 levels left

rFire   . . .      SeeInvis .   (no weapon)
rCold   . . .      Faith    .   (no shield)
rNeg    . . .      Spirit   .   a - +0 robe
rPois   .          Reflect  .   (helmet restricted)
rElec   .          Harm     .   (no cloak)
rCorr   .          Rampage  .   i - +2 pair of gloves
Will    .....                   (boots unavailable)
Stlth   ++........              (no amulet)
HPRegen 0.08/turn               (no ring)
MPRegen 0.11/turn               (no ring)

@: no status effects
A: beak, talons 3
a: no special abilities


You were on level 3 of the Dungeon.
You visited 1 branch of the dungeon, and saw 3 of its levels.

You collected 117 gold pieces.

Inventory:

Armour
 a - a +0 robe (worn)
 i - a +2 pair of gloves (worn)
   (You found it on level 2 of the Dungeon)
Jewellery
 o - a ring of protection from cold
   (You took it off an orc on level 3 of the Dungeon)
Scrolls
 c - 2 scrolls of amnesia {unknown}
 f - a scroll of teleportation {unknown}
 g - 3 scrolls of identify {unknown}
 h - a scroll of magic mapping {unknown}
 k - a scroll of brand weapon {unknown}
 n - a scroll of vulnerability {unknown}
Potions
 b - a potion of magic {unknown}
 d - a potion of resistance {unknown}
 e - 2 potions of mutation {unknown}
 j - 2 potions of curing {unknown}
 l - a potion of lignification {unknown}
 m - a potion of brilliance {unknown}
 p - a potion of degeneration {unknown}
 q - a potion of might {unknown}


   Skills:
 - Level 2.1 Dodging
 - Level 2.0 Stealth
 + Level 3.0 Spellcasting
 + Level 3.5 Conjurations
 + Level 5.2 Air Magic


You had 3 spell levels left.
You knew the following spells:

 Your Spells              Type           Power      Damage    Failure   Level
a - Shock                 Conj/Air       68%        1d7       3%          1
d - Static Discharge      Conj/Air       17%        N/A       4%          2
s - Swiftness             Air            20%        N/A       6%          3

Your spell library contained the following spells:

 Spells                   Type           Power      Damage    Failure   Level
 Animate Skeleton         Necr           4%         N/A       17%         1
 Pain                     Necr           8%         1d4       17%         1
 Ozocubu's Armour         Ice            2%         N/A       45%         3
 Vampiric Draining        Necr           2%         2d6       45%         3
 Airstrike                Air            10%        N/A       21%         4
 Ozocubu's Refrigeration  Ice            1%         4d5       100%        7


Dungeon Overview and Level Annotations

Branches:
Dungeon (3/15)

Altars:

Shops:
D:2 !*[!:


Innate Abilities, Weirdness & Mutations

You have a beak for a mouth.
You have claws for feet.


Message History

An adder comes into view.
The adder hisses angrily.
A dart slug comes into view.
Aim: an adder (53% to hit)
The zap hits the adder!
Aim: an adder (severely wounded, 53% to hit)
The zap hits the adder!
You kill the adder!
Your Spellcasting skill increases to level 3!
Unknown command.
Aim: a dart slug (100% to hit)
The zap hits the dart slug.
The dart slug launches a dart at you. The slug dart misses you.
Aim: a dart slug (lightly wounded, 100% to hit)
You miscast Shock.
You are very lightly contaminated with residual magic.
Nothing appears to happen.
Aim: a dart slug (lightly wounded, 100% to hit)
The zap hits the dart slug!
Aim: a dart slug (almost dead, 100% to hit)
The zap hits the dart slug.
You kill the dart slug!
Your magical contamination has completely faded away.
You see here an adder corpse.
Found an escape hatch in the ceiling.
There is an escape hatch in the ceiling here.
You open the door.
Found a spear.
There is an open door here.
A kobold brigand comes into view. It is wielding a +3 short sword.
A kobold brigand is nearby!
The zap hits the kobold brigand.
The kobold brigand unwields a +3 short sword.
The kobold brigand wields a +0 hand crossbow.
The kobold brigand shoots a bolt.
The bolt hits you!
The zap hits the kobold brigand.
The zap misses the kobold brigand.
The kobold brigand shoots a bolt.
The bolt barely misses you.
The zap hits the kobold brigand.
The kobold brigand shoots a bolt.
The bolt hits you!
* * * LOW HITPOINT WARNING * * *
There is an open door here.
The kobold brigand shoots a bolt.
The bolt closely misses you.
Unknown command.
You close the door.
A kobold brigand opens the door.
The kobold brigand shoots a bolt.
The bolt hits you!
Ouch! That really hurt!
You die...

### #.#
#.###############
#......<........#
#@#############.#
#.# #.....#.# #.#
#.......# #.#
###.....# ##'####
#.....# #.K...#
#.....# #.....#
#.....# .K.....#
#.....# ###.....#
#.†...##


You could see a kobold brigand.

Vanquished Creatures
  3 adders
  A worm (D:2)
  5 dart slugs
  4 orcs (D:3)
  2 ball pythons (D:3)
  2 bats (D:1)
  4 endoplasms
  5 giant cockroaches
  4 goblins (D:1)
  2 hobgoblins
  8 jackals (D:1)
  3 kobolds
  3 quokkas
  6 frilled lizards
  4 rats
56 creatures vanquished.

Notes
Turn   | Place    | Note
-------+----------+-------------------------------------------
     0 | D:1      | growler the Tengu Air Elementalist began the quest for the
                  | Orb.
     0 | D:1      | Reached XP level 1. HP: 10/10 MP: 4/4
   245 | D:1      | Reached XP level 2. HP: 15/15 MP: 0/6
   248 | D:1      | Learned a level 2 spell: Static Discharge
   867 | D:1      | Reached XP level 3. HP: 17/19 MP: 3/7
  1180 | D:1      | Learned a level 3 spell: Swiftness
  1224 | D:1      | Found a faded altar of an unknown god.
  1613 | D:2      | Found Peomped's Distillery.
  1896 | D:2      | Found Onycwibb's General Store.
  2170 | D:2      | Reached XP level 4. HP: 14/24 MP: 0/9
  2377 | D:2      | Found Taipn's Distillery.
  2470 | D:2      | Found Zeess's Book Boutique.
  2494 | D:2      | Found Osaefupo's Armour Emporium.
  2860 | D:3      | Reached skill level 5 in Air Magic
  3491 | D:3      | Noticed a kobold brigand
  3501 | D:3      | Shot with a bolt by a kobold brigand

Illustrated notes

Levels and vault maps discovered:
D:1:      dpeg_arrival_rooms_with_view, layout_loops_ring,
          chequers_ecumenical_altar_simple
D:2:      layout_loops_ring, serial_shops, nicolae_shop_crystal, shop,
          nicolae_shop_crystal, nicolae_shop_trees, nicolae_shop_waterfront,
          amethyst_killhole, minmay_pentomino_x4
D:3:      layout_basic

Skill      XL: |  1  2  3  4 |
---------------+-------------+-----
Conjurations   | 2 3 |  3.5
Air Magic      | 5 |  5.2
Spellcasting   | 3 |  3.0
Dodging        | |  2.1
Stealth        | |  2.0

Action                   |  1- 3 |  4- 6 || total
-------------------------+-------+-------++-------
Melee: Unarmed           |    17 |     7 ||    24
       Peck              |     2 |     2 ||     4
       Kick              |     2 |     1 ||     3
 Cast: Shock             |    64 |    30 ||    94
       Static Discharge  |    11 |     8 ||    19
Armor: Robe              |     6 |     4 ||    10
Dodge: Dodged            |    19 |     7 ||    26
